 Seeded DCSS version 0.29.1-12-g30fa7ad0bf (webtiles) character file.

Game seed: 17985880445336057559 (custom seed)

567 GigaChad the Chopper (level 7, 0/61 HPs)
             Began as a Minotaur Fighter on Dec 12, 2022.
             Slain by a white imp (3 damage)
             ... on level 5 of the Dungeon.
             The game lasted 00:04:29 (2500 turns).

GigaChad the Chopper (Minotaur Fighter)             Turns: 2500, Time: 00:04:30

Health: 0/61       AC: 21    Str: 26    XL:     7   Next: 11%
Magic:  6/6        EV:  7    Int:  5    God:
Gold:   156        SH:  4    Dex:  9    Spells: 6/6 levels left

rFire   x . .      SeeInvis .   a - +0 war axe
rCold   . . .      Faith    .   c - +0 buckler
rNeg    . . .      Spirit   .   f - +5 plate armour "Quthocw" {rPois rF- Will+++ Str+3}
rPois   +          Reflect  .   (helmet restricted)
rElec   .          Harm     .   (no cloak)
rCorr   .          Rampage  .   (no gloves)
Will    +++..                   (no boots)
Stlth   ..........              (no amulet)
HPRegen 0.20/turn               t - +4 ring of protection
MPRegen 0.10/turn               (no ring)

@: no status effects
A: horns 2, retaliatory headbutt
a: no special abilities


You were on level 5 of the Dungeon.
You visited 1 branch of the dungeon, and saw 5 of its levels.

You collected 156 gold pieces.

Inventory:

Hand Weapons
 a - a +0 war axe (weapon)
 j - a +3 trident
Armour
 b - a +0 scale mail
 c - a +0 buckler (worn)
 f - the +5 plate armour "Quthocw" (worn) {rPois rF- Will+++ Str+3}
   (You acquired it on level 2 of the Dungeon)

   Str:       It affects your strength (+3).
   rF:        It makes you vulnerable to fire.
   rPois:     It protects you from poison.
   Will:      It greatly increases your willpower.
Jewellery
 r - a ring of wizardry
 t - a +4 ring of protection (left hand)
Scrolls
 e - 2 scrolls of teleportation
 i - 5 scrolls of identify
 l - a scroll of brand weapon {unknown}
 q - a scroll of fog {unknown}
 s - a scroll of enchant armour {unknown}
 u - 2 scrolls of fear
 w - a scroll of enchant weapon {unknown}
 x - a scroll of blinking {unknown}
Potions
 d - a potion of might
 g - 3 potions of curing
 h - 2 potions of ambrosia {unknown}
 k - a potion of attraction {unknown}
 m - a potion of degeneration {unknown}
 n - a potion of haste {unknown}
 o - a potion of mutation {unknown}
 p - a potion of brilliance {unknown}
 z - a potion of heal wounds {unknown}


   Skills:
 + Level 5.4 Fighting
 + Level 6.7 Axes
 + Level 5.3 Armour
 + Level 1.0 Dodging
 + Level 4.7 Shields


You had 6 spell levels left.
You didn't know any spells.
Your spell library was empty.

Dungeon Overview and Level Annotations

Branches:
Dungeon (5/15)
 Temple: D:4-7

Altars:
Vehumet


Innate Abilities, Weirdness & Mutations

You have a pair of horns on your head.
You reflexively headbutt those who attack you in melee.


Message History

The orc is heavily wounded.
You closely miss the necrophage. The orc hits you but does no damage.
The necrophage barely misses you. You furiously retaliate!
You headbutt the necrophage. You hit the orc but do no damage.
Your headbutt misses the orc.
The orc is heavily wounded.
You hit the necrophage.
You destroy the necrophage!
You block the orc's attack.
The iguana bites you but does no damage.
You have reached level 7!
You closely miss the orc. Your headbutt misses the orc.
The orc is heavily wounded.
You slash the iguana! The orc hits you but does no damage.
The iguana bites you!
* * * LOW HITPOINT WARNING * * *
You slash the orc!
You kill the orc!
You barely miss the orc. You slash the iguana!
You kill the iguana!
The white imp gestures at you.
The puff of frost hits something.
Your Dodging skill increases to level 1!
You slash the orc!
You kill the orc!
You barely miss something. Something hits you but does no damage.
The jelly hits you but does no damage.
You hear some strange, mumbled words.
A puff of flame appears from out of thin air!
The puff of flame hits you but does no damage.
Items here: )) ? †.
You slash the jelly!
Your hands burn!
* * * LOW HITPOINT WARNING * * *
The jelly is almost dead.
You slash something! You block the jelly's attack.
You block something's attack.
You slash the jelly!
You kill the jelly!
You miss something. The white imp hits you.
You die...

#...##...
#....#..#
#.#..#..#
#[......#
#.......#
#..#....#
#..#....#
#@.#....####
#5o#.......#
#..#....<#.# #
#.....5###.# .
#.##.###.[##....
#.#......†)...##.
#..>....oo.#..#
..
######..#####.#
..
.............r..
...


You could see a white imp and an orc.

Vanquished Creatures
  A water moccasin (D:5)
  A phantom (D:4)
  A necrophage (D:5)
  A scorpion (D:5)
  An orc priest (D:4)
  2 jellies
  2 iguanas
  Ijyb (D:3)
  Robin (D:2)
  2 adders
  2 worms
  10 orcs
  6 endoplasms
  4 giant cockroaches
  8 goblins
  12 hobgoblins
  5 jackals
  8 kobolds
  4 quokkas
  7 ball pythons
  3 bats
  6 frilled lizards
  2 rats
90 creatures vanquished.

Notes
Turn   | Place    | Note
-------+----------+-------------------------------------------
     0 | D:1      | GigaChad the Minotaur Fighter began the quest for the Orb.
     0 | D:1      | Reached XP level 1. HP: 19/19 MP: 0/0
    88 | D:1      | Found a faded altar of an unknown god.
   192 | D:1      | Reached XP level 2. HP: 27/27 MP: 1/1
   707 | D:2      | Reached XP level 3. HP: 31/33 MP: 2/2
   719 | D:2      | Identified a scroll of acquirement
   719 | D:2      | Acquired the +5 plate armour "Quthocw" {rPois rF- Will+++
                  | Str+3}
   812 | D:2      | Reached skill level 3 in Axes
  1112 | D:2      | Noticed Robin
  1130 | D:2      | Killed Robin
  1131 | D:2      | Reached XP level 4. HP: 27/40 MP: 3/3
  1361 | D:3      | Noticed Ijyb
  1378 | D:3      | Killed Ijyb
  1379 | D:3      | Reached skill level 4 in Axes
  1702 | D:3      | Reached XP level 5. HP: 44/47 MP: 4/4
  1827 | D:3      | Found a radiant altar of Vehumet.
  1926 | D:4      | Reached skill level 5 in Axes
  2117 | D:4      | Reached skill level 5 in Fighting
  2393 | D:4      | Noticed a phantom
  2402 | D:4      | Killed a phantom
  2403 | D:4      | Reached XP level 6. HP: 56/56 MP: 5/5
  2444 | D:5      | Entered Level 5 of the Dungeon
  2469 | D:5      | Noticed a water moccasin
  2474 | D:5      | Reached skill level 5 in Armour
  2492 | D:5      | Killed a water moccasin
  2493 | D:5      | Reached skill level 6 in Axes
  2495 | D:5      | Reached XP level 7. HP: 10/61 MP: 6/6
  2495 | D:5      | HP: 2/61 [iguana (8)]
  2497 | D:5      | Reached skill level 1 in Dodging
  2500 | D:5      | Slain by a white imp

Illustrated notes

Levels and vault maps discovered:
D:1:      dpeg_arrival_arbitrary_c, layout_basic,
          hellmonk_ecumenical_altar_blasted, minmay_tetromino_l4
D:2:      layout_rooms, uniq_robin
D:3:      layout_rooms, lemuel_coloured_pillars_altar, uniq_ijyb
D:4:      layout_gridville
D:5:      layout_basic, st_stairs_13, nicolae_kite_square_tiling_tiny

Skill      XL: |  1  2  3  4  5  6  7 |
---------------+----------------------+-----
Shields        | 4 |  4.7
Fighting       | 4 5 |  5.4
Armour         | 4 5 |  5.3
Axes           | 3 4 5 6 |  6.7
Dodging        | 1 |  1.0

Action                   |  1- 3 |  4- 6 |  7- 9 || total
-------------------------+-------+-------+-------++-------
Melee: War axe           |    76 |   103 |     5 ||   184
       Headbutt          |    11 |    17 |       ||    28
  Use: Scroll            |     2 |     2 |       ||     4
       Potion            |       |     1 |       ||     1
Armor: Scale mail        |    32 |       |       ||    32
       Plate armour      |    41 |   112 |     4 ||   157
Dodge: Dodged            |    47 |    40 |       ||    87
Block: Buckler           |    27 |    30 |     2 ||    59
